 Dungeon Sprint DCSS version 0.19-a0-1908-g43c011f (webtiles) character file.

1477 esc the Covert (level 8, -5/45 HPs)
             Began as a Spriggan Enchanter on Oct 22, 2016.
             Was an Initiate of Dithmenos.
             Shot with a bolt by a yaktaur (27 damage)
             ... in the Dungeon (Sprint II: "The Violet Keep of Menkaure").
             The game lasted 00:04:43 (576 turns).

esc the Covert (Spriggan Enchanter)                  Turns: 576, Time: 00:04:44

Health: -5/45      AC:  3    Str:  4    XL:     8   Next: 49%
Magic:  6/22       EV: 27    Int: 19    God:    Dithmenos [......]
Gold:   972        SH:  0    Dex: 16    Spells: 5 memorised, 14 levels left

rFire  . . .     SeeInvis +     a - +1 dagger
rCold  . . .     Gourm    .     b - +1 robe
rNeg   . . .     Faith    .     (shield restricted)
rPois  .         Spirit   .     (helmet restricted)
rElec  .         Reflect  .     (no cloak)
rCorr  .         Harm     .     (gloves unavailable)
MR     +....     NoTele   +     (boots unavailable)
Stlth  +++++.....               (no amulet)
                                (no ring)
                                (no ring)

@: very quick
A: unfitting armour, see invisible, deterioration 1, herbivore 3, speed 3, slow
metabolism 2
a: Renounce Religion


You were in the Dungeon.
You worshipped Dithmenos.
Dithmenos was noncommittal.
You were not hungry.

You visited 1 branch You collected 972 gold pieces.

Inventory:

Hand Weapons
 a - a +1 dagger (weapon)
Armour
 b - a +1 robe (worn)
Scrolls
 j - a scroll of blinking {!r}
Potions
 e - a potion of curing
 f - a potion of heal wounds
 g - a potion of haste
 h - 2 potions of magic
 i - a potion of berserk rage {!q}
Books
 c - a book of Maledictions
Comestibles
 d - a bread ration {@e1}


   Skills:
 + Level 6.4 Fighting
 + Level 8.7 Short Blades
 + Level 11.3 Dodging
 + Level 12.4 Stealth
 + Level 9.7 Spellcasting
 + Level 10.0 Hexes


You had 14 spell levels left.
You knew the following spells:

 Your Spells              Type           Power        Failure   Level  Hunger
a - Tukima's Dance        Hex            #####...     1%          3    None
b - Ensorcelled Hibernat  Hex/Ice        ####..       1%          2    None
c - Confuse               Hex            #####...     1%          3    None
d - Dazzling Spray        Conj/Hex       ####..       3%          3    None
v - Corona                Hex            #####..      1%          1    None


Dungeon Overview and Level Annotations

Branches:
Dungeon (1/1)

Altars:
Cheibriados
Dithmenos
Elyvilon
Fedhas
Gozag
Hepliaklqana
Kikubaaqudgha
Makhleb
Nemelex Xobeh
Okawaru
Qazlal
Ru
Sif Muna
Trog
Uskayaw
Vehumet
Xom
Yredelemnul
Zin
The Shining One
Beogh
Jiyva
Lugonu

Shops:
D [


Innate Abilities, Weirdness & Mutations

You are very small and have problems with some larger weapons.
You are too small for most types of armour.
You have supernaturally acute eyesight. (SInv)
You are a herbivore.
You cover ground extremely quickly.
You need consume almost no food.
Your body sometimes deteriorates upon taking damage.


Message History

The hornet buzzes angrily.
A polar bear comes into view.
There is an open door here.
You enter the shallow water.
Moving in this stuff is going to be slow.
The polar bear growls angrily.
You hear a shout!
You hear an angry growl.
The polar bear barely misses you. The polar bear misses you.
The polar bear claws you.
You take 3 damage, and have 41/44 hp.
Aim: a polar bear (chance to defeat MR: 69%)
The polar bear struggles to resist.
The polar bear barely misses you.
The polar bear completely misses you. x2
You now have 11/22 mp.
Aim: a polar bear (chance to defeat MR: 69%)
The polar bear appears confused.
The polar bear bites the hornet.
The polar bear misses the hornet.
The polar bear barely misses the hornet.
You now have 9/22 mp.
You hit the polar bear but do no damage.
You strike the helpless polar bear from behind!
You impale the polar bear!!
The polar bear bites the hornet.
The polar bear closely misses the hornet.
The polar bear claws the hornet but does no damage.
You hit the polar bear but do no damage.
The polar bear closely misses the hornet. x2
The polar bear misses the hornet.
You hit the polar bear but do no damage.
You hit the polar bear. You hit the polar bear. You hit the polar bear.
You hit the polar bear but do no damage.
The polar bear bites you!! The polar bear claws you. The polar bear misses you.
You take 24 damage, and have 18/44 hp.
MASSIVE DAMAGE!!
Okay, then.
Aim: a hornet (moderately wounded, chance to defeat MR: 47%)
The hornet resists with some effort.
The hornet misses you. x2
You now have 8/22 mp.
Aim: a hornet (moderately wounded, chance to defeat MR: 47%)
The hornet resists with some effort.
The hornet completely misses you. The polar bear bites you.
The polar bear completely misses you. x2
You take 4 damage, and have 14/44 hp.
You now have 6/22 mp.
Aim: a hornet (moderately wounded, chance to defeat MR: 47%)
The hornet looks drowsy...
You now have 4/22 mp.
The helpless hornet fails to defend itself.
You skewer the hornet like a kebab!!!!
You kill the hornet!
Dithmenos accepts your kill.
Your Fighting skill increases to level 6!
Your Dodging skill increases to level 11!
Your Stealth skill increases to level 12!
You hit the polar bear.
You found an arrow trap!
Aim: a polar bear (chance to defeat MR: 71%)
The polar bear appears confused.
You now have 2/22 mp.
You enter the shallow water.
Moving in this stuff is going to be slow.
A polar bear comes into view.
The polar bear moves out of view.
There is an open door here.
You hit the polar bear but do no damage.
You hit the polar bear but do no damage.
The polar bear misses you.
The polar bear claws you but does no damage.
The polar bear barely misses you.
You hit the polar bear but do no damage.
You catch the helpless polar bear completely off-guard!
You impale the polar bear!!
You kill the polar bear!
Dithmenos accepts your kill.
Your Hexes skill increases to level 10!
You close the door.
There is a shimmering altar of Xom, spattered with blood here.
You see here a polar bear corpse.
You butcher the polar bear corpse.
There is a shimmering altar of Xom, spattered with blood here.
You see here 6 chunks of flesh {@w0}.
There isn't anything to butcher here.
There is a sacrificial altar of Ru here.
There is a viscous altar of Jiyva here.
There is a snail-covered altar of Cheibriados here.
A yaktaur opens the door.
You start resting.
The flying skull gives a hideous shriek!
The walls and floor vibrate strangely for a moment.
You regained 3 hp, and now have 20/45 hp.
You regained 4 mp, and now have 8/22 mp.
You start resting.
Unknown command.
Aim: a polar bear (moderately wounded, hasn't noticed you, chance to defeat MR: 71%)
The polar bear growls angrily.
The polar bear struggles to resist.
The yaktaur shouts!
You now have 6/22 mp.
Okay, then.
The yaktaur wields an arbalest.
The yaktaur shoots a bolt.
The bolt hits you!!
Ouch! That really hurt!
You die...

.##'..####..##.#▓$?[!$?[?
#..#....###^..##▓▓▓▓▓▓▓+
#.##...§..≈≈c≈≈≈≈≈≈≈≈≈≈.
###≈≈.....≈#'########+###
#≈≈≈≈§≈≈..≈#h.._._..#≈§§##
#≈≈≈§§≈≈≈.≈#.._._._.#≈§§≈##
≈≈≈≈≈≈≈§≈§≈#._._._._#§§§§§#
≈§≈≈≈≈≈§≈§≈#_._._._.#≈§t§≈≈
+#§§≈≈§≈≈§≈#._._@_..#§≈§§≈§
#≈≈≈###§§#_._._...#t≈≈§≈t
#≈≈#._._....#§≈§§§≈
#≈≈#_._.....#≈§§§▓
≈≈≈##########≈≈≈≈▓z
####≈≈≈≈≈≈≈≈≈≈≈≈≈▓z
###≈########≈▓▓▓▓▓ §##≈ ▓▓
≈+


You could see a polar bear, a yaktaur and 2 crocodiles.

Vanquished Creatures
  A polar bear (D)
  A hornet (D)
  2 hippogriffs (D)
  4 neqoxecs (D)
  Menkaure (D)
  4 worker ants (D)
  2 worms (D)
15 creatures vanquished.

Vanquished Creatures (others)
  A crocodile (D)
1 creature vanquished.

Grand Total: 16 creatures vanquished

Notes
Turn   | Place    | Note
-------+----------+-------------------------------------------
     0 | D        | esc the Spriggan Enchanter began the quest for the Orb.
     0 | D        | Reached XP level 1. HP: 9/9 MP: 5/5
     1 | D        | Noticed a neqoxec
     8 | D        | Reached skill level 3 in Spellcasting
    55 | D        | Killed a crocodile
    60 | D        | HP: 2/9 [worm (3)]
    67 | D        | HP: 1/9 [worm (1)]
    69 | D        | Reached skill level 2 in Short Blades
    69 | D        | Reached skill level 4 in Hexes
   316 | D        | Noticed a worker ant
   316 | D        | Noticed a worker ant
   318 | D        | Noticed a worker ant
   318 | D        | Noticed a worker ant
   319 | D        | Killed a worker ant
   319 | D        | Reached skill level 1 in Fighting
   319 | D        | Reached skill level 3 in Short Blades
   319 | D        | Reached skill level 4 in Dodging
   319 | D        | Reached skill level 5 in Stealth
   319 | D        | Reached XP level 2. HP: 15/15 MP: 5/7
   319 | D        | Reached XP level 3. HP: 18/18 MP: 6/9
   320 | D        | Reached skill level 2 in Fighting
   320 | D        | Reached skill level 5 in Dodging
   320 | D        | Reached skill level 6 in Stealth
   320 | D        | Reached skill level 4 in Spellcasting
   320 | D        | Reached skill level 5 in Hexes
   322 | D        | Reached XP level 4. HP: 23/23 MP: 6/11
   336 | D        | Learned a level 3 spell: Confuse
   340 | D        | Learned a level 3 spell: Tukima's Dance
   343 | D        | Learned a level 2 spell: Ensorcelled Hibernation
   347 | D        | Learned a level 3 spell: Dazzling Spray
   371 | D        | Reached skill level 4 in Short Blades
   371 | D        | Reached skill level 6 in Dodging
   371 | D        | Reached skill level 7 in Stealth
   371 | D        | Reached skill level 5 in Spellcasting
   407 | D        | Noticed a hippogriff
   407 | D        | Noticed a hippogriff
   411 | D        | Killed a hippogriff
   411 | D        | Reached skill level 4 in Fighting
   411 | D        | Reached skill level 5 in Short Blades
   411 | D        | Reached skill level 7 in Dodging
   411 | D        | Reached skill level 9 in Stealth
   411 | D        | Reached skill level 6 in Spellcasting
   411 | D        | Reached skill level 7 in Hexes
   411 | D        | Reached XP level 5. HP: 29/29 MP: 13/15
   411 | D        | Reached XP level 6. HP: 33/33 MP: 13/16
   434 | D        | Killed a hippogriff
   434 | D        | Reached skill level 6 in Short Blades
   434 | D        | Reached skill level 9 in Dodging
   434 | D        | Reached skill level 10 in Stealth
   434 | D        | Reached skill level 7 in Spellcasting
   447 | D        | Noticed a neqoxec
   449 | D        | Killed a neqoxec
   449 | D        | Reached skill level 5 in Fighting
   449 | D        | Reached skill level 7 in Short Blades
   449 | D        | Reached skill level 8 in Spellcasting
   449 | D        | Reached skill level 8 in Hexes
   449 | D        | Reached XP level 7. HP: 39/39 MP: 15/19
   452 | D        | Killed a neqoxec
   452 | D        | Reached skill level 11 in Stealth
   453 | D        | Noticed a neqoxec
   455 | D        | Killed a neqoxec
   455 | D        | Reached skill level 10 in Dodging
   455 | D        | Reached skill level 9 in Hexes
   456 | D        | Noticed a neqoxec
   456 | D        | Gained mutation: Your body sometimes deteriorates upon taking damage. [a neqoxec]
   460 | D        | Killed a neqoxec
   460 | D        | Reached skill level 9 in Spellcasting
   463 | D        | Noticed Menkaure
   466 | D        | Found Mola's Antique Armour Shoppe.
   467 | D        | Killed Menkaure
   467 | D        | Reached skill level 8 in Short Blades
   467 | D        | Reached XP level 8. HP: 44/44 MP: 9/22
   485 | D        | Found a glowing golden altar of the Shining One.
   486 | D        | Found a glowing silver altar of Zin.
   486 | D        | Found a hide-covered altar of Uskayaw.
   487 | D        | Found a basalt altar of Yredelemnul.
   487 | D        | Found a bloodstained altar of Trog.
   488 | D        | Found a shimmering altar of Xom.
   488 | D        | Found a deep blue altar of Sif Muna.
   488 | D        | Found a corrupted altar of Lugonu.
   488 | D        | Found a radiant altar of Vehumet.
   488 | D        | Found a burning altar of Makhleb.
   489 | D        | Found a sacrificial altar of Ru.
   489 | D        | Found an ancient bone altar of Kikubaaqudgha.
   489 | D        | Found a white marble altar of Elyvilon.
   490 | D        | Found a stormy altar of Qazlal.
   490 | D        | Found a viscous altar of Jiyva.
   490 | D        | Found a shadowy altar of Dithmenos.
   491 | D        | Found a hazy altar of Hepliaklqana.
   491 | D        | Found a snail-covered altar of Cheibriados.
   493 | D        | Found a roughly hewn altar of Beogh.
   493 | D        | Found a sparkling altar of Nemelex Xobeh.
   493 | D        | Found a blossoming altar of Fedhas.
   493 | D        | Noticed a hornet
   493 | D        | Noticed a polar bear
   494 | D        | Found an opulent altar of Gozag.
   494 | D        | Found an iron altar of Okawaru.
   494 | D        | Noticed a yaktaur
   500 | D        | Became a worshipper of Dithmenos the Shadowed
   506 | D        | Noticed a polar bear
   522 | D        | Killed a hornet
   522 | D        | Reached skill level 6 in Fighting
   522 | D        | Reached skill level 11 in Dodging
   522 | D        | Reached skill level 12 in Stealth
   528 | D        | Noticed a polar bear
   534 | D        | Killed a polar bear
   534 | D        | Reached skill level 10 in Hexes
   547 | D        | Noticed a flying skull
   549 | D        | Noticed a flying skull
   576 | D        | Shot with a bolt by a yaktaur

Vault maps used:
D:        the_violet_keep_of_menkaure

Skill      XL: |  1  2  3  4  5  6  7  8 |
---------------+-------------------------+-----
Spellcasting   | 3 4 6 8 9 |  9.7
Short Blades   | 3 5 7 8 |  8.7
Hexes          | 4 5 7 8 9 10 | 10.0
Fighting       | 1 2 4 5 6 |  6.4
Dodging        | 4 5 7 9 10 11 | 11.3
Stealth        | 5 6 9 10 11 12 | 12.4

Action                   |  1- 3 |  4- 6 |  7- 9 || total
-------------------------+-------+-------+-------++-------
Melee: Dagger            |    41 |     8 |    18 ||    67
 Cast: Corona            |     3 |       |       ||     3
       Confuse           |       |     1 |     4 ||     5
       Ensorcelled Hiber |       |     1 |     7 ||     8
 Stab: Sleeping          |     4 |     3 |     5 ||    12
       Confused          |       |     1 |     2 ||     3
Armor: Robe              |     1 |     1 |     1 ||     3
Dodge: Dodged            |    17 |     4 |    14 ||    35

Vault maps used:
D:        the_violet_keep_of_menkaure

Table legend:
 A = Turns spent in this place as a percentage of turns spent in the entire game.
 B = Non-inter-level travel turns spent in this place as a percentage of non-inter-level travel turns spent in the entire game.
 C = Inter-level travel turns spent in this place as a percentage of turns spent in this place.
 D = Turns resting spent in this place as a percentage of non-inter-level travel turns spent in this place.
 E = Turns spent auto-exploring this place as a percentage of non-inter-level travel turns spent in this place.
 F = Non-inter-level travel turns spent in this place divided by the number of levels of this place that you've seen.
                   A       B       C       D       E      F
               +-------+-------+-------+-------+-------+----------------------
         Total | 100.0 | 100.0 |   0.0 |   5.3 |   0.0 | 284.0
       Dungeon | 100.0 | 100.0 |   0.0 |   5.3 |   0.0 | 284.0
               +-------+-------+-------+-------+-------+----------------------

Table legend:
 A = Kills in this place as a percentage of kills in entire the game.
 B = Kills by you in this place as a percentage of kills by you in the entire game.
 C = Kills by friends in this place as a percentage of kills by friends in the entire game.
 D = Other kills in this place as a percentage of other kills in the entire game.
 E = Experience gained in this place as a percentage of experience gained in the entire game.
 F = Experience gained in this place divided by the number of levels of this place that you have seen.
                   A       B       C       D       E      F
               +-------+-------+-------+-------+-------+----------------------
         Total | 100.0 | 100.0 |  -nan |  -nan | 100.0 | 2111.0
       Dungeon | 100.0 | 100.0 |  -nan |  -nan | 100.0 | 2111.0
               +-------+-------+-------+-------+-------+----------------------
